PCL
MEMPHIS REDBIRDS @ OKLAHOMA CITY DODGERS
06/10/2098
 
TOP OF THE 1ST
Memphis Redbirds batting - Pitching for Oklahoma City Dodgers : LHP Bill Fincher
Pitching: LHP Bill Fincher
Batting: RHB Luis Saez 0-0: Ball
1-0: Foul Ball, location: 9LDF
1-1: SINGLE (Line Drive, 56D, EV 99.4 MPH)
Batting: LHB Jeremiah Ford 0-0: Ball
1-0: Grounds into double play, 6-4-3 (Groundball, 56, EV 93.8 MPH)
Batting: LHB Jonathan Steben 0-0: Foul Ball, location: 25F
0-1: SINGLE (Flyball, 56D, EV 93.8 MPH)
Batting: LHB Willie Martinez 0-0: Called Strike
0-1: Foul Ball, location: 3F
0-2: Ball
1-2: Ball
2-2: Fly out, F9 (Flyball, 89D, EV 103.8 MPH)
Top of the 1st over - 0 runs, 2 hits, 0 errors, 1 left on base; Memphis 0 - Oklahoma City 0
BOTTOM OF THE 1ST
Oklahoma City Dodgers batting - Pitching for Memphis Redbirds : LHP Nick Crissup
Pitching: LHP Nick Crissup
Batting: RHB Chris Rodriguez 0-0: Bunt for hit to 25 - play at first, batter OUT! 5-3
Batting: LHB Rob Gutierrez 0-0: Foul Ball, location: 3SF
0-1: Ball
1-1: Fly out, F9 (Flyball, 89D, EV 91.3 MPH)
Batting: RHB Martin Prado 0-0: Ball
1-0: Called Strike
1-1: Foul Ball, location: 2F
1-2: Strikes out swinging
Bottom of the 1st over - 0 runs, 0 hits, 0 errors, 0 left on base; Memphis 0 - Oklahoma City 0
TOP OF THE 2ND
Memphis Redbirds batting - Pitching for Oklahoma City Dodgers : LHP Bill Fincher
Batting: SHB Butch Ticknor 0-0: Called Strike
0-1: Ball
1-1: Swinging Strike
1-2: Foul Ball, location: 5F
1-2: Ball
2-2: Ball
3-2: Reached via error on a dropped throw from 1B, E1 (Groundball, 34S, EV 90.0 MPH)
Batting: RHB Izzy Mina 0-0: Ball
1-0: Ball
2-0: Ball
3-0: Called Strike
3-1: Foul Ball, location: 5SF
3-2: SINGLE (Line Drive, 7S, EV 108.8 MPH)
Butch Ticknor to second
Batting: RHB Jose Santiago 0-0: Ball
1-0: Swinging Strike
1-1: Foul Ball, location: 3F
1-2: Ball
2-2: Foul Ball, location: 9LMF
2-2: Foul Ball, location: 7LSF
2-2: DOUBLE (Line Drive, 89D, EV 100.6 MPH)
Butch Ticknor scores
Izzy Mina to third
Batting: RHB Jason Flores 0-0: Foul Ball, location: 2LF
0-1: Foul Ball, location: 9LDF
0-2: Ball
1-2: Ball
2-2: Foul Ball, location: 9LSF
2-2: Foul Ball, location: 2F
2-2: Fly out, F3 (Popup, 3SF, EV 78.8 MPH)
Pitching: RHP Ben Blackwood
Batting: LHB David Cessor 0-0: Fly out, F7 (Flyball, 7D, EV 99.4 MPH)
Runner from 3rd tags up, SCORES, throw by LF
Batting: RHB Luis Saez 0-0: Ball
1-0: Foul Ball, location: 2F
1-1: Called Strike
1-2: Ground out 6-3 (Groundball, 6, EV 88.8 MPH)
Top of the 2nd over - 2 runs, 2 hits, 1 error, 1 left on base; Memphis 2 - Oklahoma City 0
BOTTOM OF THE 2ND
Oklahoma City Dodgers batting - Pitching for Memphis Redbirds : LHP Nick Crissup
Batting: RHB Matt Rudd 0-0: Called Strike
0-1: Foul Ball, location: 2F
0-2: Ball
1-2: Ball
2-2: Fly out, F2 (Popup, 5SF, EV 79.4 MPH)
Batting: SHB Raul Gonzalez 0-0: Ball
1-0: Ball
2-0: Foul Ball, location: 3FF
2-1: SINGLE (Line Drive, 8RS, EV 95.0 MPH)
Batting: RHB Noah Sanders 0-0: Ball
1-0: Ball
2-0: Ball
3-0: Called Strike
3-1: Called Strike
3-2: Foul Ball, location: 5FF
3-2: Foul Ball, location: 2F
3-2: Foul Ball, location: 9LDF
3-2: Strikes out looking
Raul Gonzalez is caught stealing 2nd base 2-4
Batter strikes out.
Bottom of the 2nd over - 0 runs, 1 hit, 0 errors, 0 left on base; Memphis 2 - Oklahoma City 0
TOP OF THE 3RD
Memphis Redbirds batting - Pitching for Oklahoma City Dodgers : RHP Ben Blackwood
Batting: LHB Jeremiah Ford 0-0: Fly out, F7 (Flyball, 78M, EV 96.3 MPH)
Batting: LHB Jonathan Steben 0-0: Ball
1-0: Foul Ball, location: 2F
1-1: Foul Ball, location: 7LMF
1-2: Ball
2-2: Ground out 6-3 (Groundball, 6, EV 91.9 MPH)
Batting: LHB Willie Martinez 0-0: Ball
1-0: Ball
2-0: Ball
3-0: Base on Balls
Batting: SHB Butch Ticknor 0-0: Ball
1-0: Called Strike
1-1: Ball
2-1: Ball
3-1: Called Strike
3-2: Fly out, F9 (Line Drive, 9S, EV 93.1 MPH)
Top of the 3rd over - 0 runs, 0 hits, 0 errors, 1 left on base; Memphis 2 - Oklahoma City 0
BOTTOM OF THE 3RD
Oklahoma City Dodgers batting - Pitching for Memphis Redbirds : LHP Nick Crissup
Batting: RHB Joe Boyer 0-0: Ground out 6-3 (Groundball, 6, EV 106.3 MPH)
Batting: SHB Montel Ruspoli 0-0: Foul Ball, location: 2F
0-1: Fly out, F6 (Line Drive, 56, EV 75.0 MPH)
Batting: RHB Pete Chivers 0-0: Called Strike
0-1: Ball
1-1: Ball
2-1: Ground out 6-3 (Groundball, 6, EV 84.4 MPH)
Bottom of the 3rd over - 0 runs, 0 hits, 0 errors, 0 left on base; Memphis 2 - Oklahoma City 0
TOP OF THE 4TH
Memphis Redbirds batting - Pitching for Oklahoma City Dodgers : RHP Ben Blackwood
Batting: RHB Izzy Mina 0-0: Ball
1-0: Called Strike
1-1: Called Strike
1-2: Strikes out swinging
Batting: RHB Jose Santiago 0-0: Foul Ball, location: 25F
0-1: SINGLE (Line Drive, 5D, EV 100.0 MPH)
Batting: RHB Jason Flores 0-0: Called Strike
0-1: Swinging Strike
0-2: Ball
1-2: Foul Ball, location: 9LDF
1-2: Strikes out swinging
Batting: LHB David Cessor 0-0: Reached on error, E1 (Groundball, 34S, EV 66.9 MPH)
Jose Santiago to third
Batting: RHB Luis Saez 0-0: Ball
1-0: Called Strike
1-1: Foul Ball, location: 2F
1-2: Fly out, F9 (Flyball, 9D, EV 93.8 MPH)
Top of the 4th over - 0 runs, 1 hit, 1 error, 2 left on base; Memphis 2 - Oklahoma City 0
BOTTOM OF THE 4TH
Oklahoma City Dodgers batting - Pitching for Memphis Redbirds : LHP Nick Crissup
Batting: RHB Chris Rodriguez 0-0: Ball
1-0: Called Strike
1-1: Ball
2-1: SINGLE (Line Drive, 78S, EV 91.9 MPH)
Batting: LHB Rob Gutierrez 0-0: Ball
1-0: Foul Ball, location: 7LMF
1-1: Ball
2-1: Called Strike
2-2: Foul Ball, location: 9LDF
2-2: TRIPLE (Flyball, 89XD, EV 106.9 MPH)
Chris Rodriguez scores
Batting: RHB Martin Prado 0-0: Ball
1-0: Ball
2-0: SINGLE (Groundball, 4MD, EV 105.6 MPH)
Rob Gutierrez scores
Batting: RHB Matt Rudd 0-0: Foul Ball, location: 3SF
0-1: Ball
1-1: Foul Ball, location: 2F
1-2: Foul Ball, location: 2F
1-2: Strikes out swinging
Batting: SHB Raul Gonzalez 0-0: Ball
1-0: Swinging Strike
1-1: Swinging Strike
1-2: Strikes out swinging
Batting: RHB Noah Sanders 0-0: SINGLE (Line Drive, 56, EV 98.8 MPH)
Martin Prado to second
Batting: RHB Joe Boyer 0-0: Ball
1-0: Foul Ball, location: 23FF
1-1: Ball
2-1: Foul Ball, location: 7LMFF
2-2: Foul Ball, location: 2F
2-2: Ball
3-2: SINGLE (Line Drive, 8LS, EV 103.8 MPH)
Martin Prado to third
Noah Sanders to second
Martin Prado scores
Noah Sanders to third
Batting: SHB Montel Ruspoli 0-0: Ground out 5-3 (Groundball, 5S, EV 68.8 MPH)
Bottom of the 4th over - 3 runs, 5 hits, 0 errors, 2 left on base; Memphis 2 - Oklahoma City 3
TOP OF THE 5TH
Memphis Redbirds batting - Pitching for Oklahoma City Dodgers : RHP Ben Blackwood
Batting: LHB Jeremiah Ford 0-0: Ball
1-0: Ball
2-0: Foul Ball, location: 5F
2-1: Fly out, F8 (Line Drive, 8LD, EV 95.0 MPH)
Batting: LHB Jonathan Steben 0-0: Called Strike
0-1: Swinging Strike
0-2: Ball
1-2: Foul Ball, location: 7LMF
1-2: Ball
2-2: Ball
3-2: Foul Ball, location: 7LDF
3-2: Strikes out swinging
Batting: LHB Willie Martinez 0-0: Fly out, F8 (Flyball, 8RXD, EV 93.1 MPH)
Top of the 5th over - 0 runs, 0 hits, 0 errors, 0 left on base; Memphis 2 - Oklahoma City 3
BOTTOM OF THE 5TH
Oklahoma City Dodgers batting - Pitching for Memphis Redbirds : LHP Nick Crissup
Batting: RHB Pete Chivers 0-0: Called Strike
0-1: Swinging Strike
0-2: Strikes out swinging
Batting: RHB Chris Rodriguez 0-0: Called Strike
0-1: Ground out 6-3 (Groundball, 6S, EV 93.8 MPH)
Batting: LHB Rob Gutierrez 0-0: Ball
1-0: Fly out, F8 (Flyball, 8LS, EV 84.4 MPH)
Bottom of the 5th over - 0 runs, 0 hits, 0 errors, 0 left on base; Memphis 2 - Oklahoma City 3
TOP OF THE 6TH
Memphis Redbirds batting - Pitching for Oklahoma City Dodgers : RHP Ben Blackwood
Batting: SHB Butch Ticknor 0-0: Fly out, F7 (Flyball, 7D, EV 93.1 MPH)
Pinch Hitting: RHB Danny Gonzalez 0-0: Fly out, F6 (Popup, 4MS, EV 78.1 MPH)
Batting: RHB Jose Santiago 0-0: Called Strike
0-1: Fly out, F3 (Popup, 34S, EV 70.0 MPH)
Top of the 6th over - 0 runs, 0 hits, 0 errors, 0 left on base; Memphis 2 - Oklahoma City 3
BOTTOM OF THE 6TH
Oklahoma City Dodgers batting - Pitching for Memphis Redbirds : LHP Nick Crissup
Now at 1B: Danny Gonzalez
Now at 2B: Jose Santiago
Now at SS: Willie Martinez
Batting: RHB Martin Prado 0-0: Fly out, F4 (Popup, 34S, EV 82.5 MPH)
Batting: RHB Matt Rudd 0-0: Called Strike
0-1: Ball
1-1: Foul Ball, location: 2F
1-2: Foul Ball, location: 23F
1-2: Ball
2-2: Foul Ball, location: 2F
2-2: Ball
3-2: Strikes out swinging
Batting: SHB Raul Gonzalez 0-0: Ball
1-0: Called Strike
1-1: Called Strike
1-2: Ball
2-2: Strikes out looking
Bottom of the 6th over - 0 runs, 0 hits, 0 errors, 0 left on base; Memphis 2 - Oklahoma City 3
TOP OF THE 7TH
Memphis Redbirds batting - Pitching for Oklahoma City Dodgers : RHP Ben Blackwood
Pitching: RHP Nick Haines
Now at 1B: Tyler Rivas
Batting: RHB Jason Flores 0-0: Ball
1-0: Ball
2-0: Called Strike
2-1: Foul Ball, location: 9LSF
2-2: Strikes out looking
Batting: LHB David Cessor 0-0: Ball
1-0: Ball
2-0: Ball
3-0: Called Strike
3-1: Foul Ball, location: 7LSF
3-2: Strikes out looking
Batting: RHB Luis Saez 0-0: Ground out U3 (Groundball, 3L, EV 81.9 MPH)
Top of the 7th over - 0 runs, 0 hits, 0 errors, 0 left on base; Memphis 2 - Oklahoma City 3
BOTTOM OF THE 7TH
Oklahoma City Dodgers batting - Pitching for Memphis Redbirds : LHP Nick Crissup
Batting: RHB Noah Sanders 0-0: Called Strike
0-1: Swinging Strike
0-2: Strikes out swinging
Batting: RHB Joe Boyer 0-0: Foul Ball, location: 25F
0-1: Ball
1-1: Ball
2-1: Ball
3-1: Called Strike
3-2: Fly out, F8 (Line Drive, 8LM, EV 110.0 MPH)
Batting: SHB Montel Ruspoli 0-0: Ground out 5-3 (Groundball, 56, EV 81.9 MPH)
Bottom of the 7th over - 0 runs, 0 hits, 0 errors, 0 left on base; Memphis 2 - Oklahoma City 3
TOP OF THE 8TH
Memphis Redbirds batting - Pitching for Oklahoma City Dodgers : RHP Nick Haines
Batting: LHB Jeremiah Ford 0-0: Ball
1-0: Ball
2-0: Ball
3-0: Called Strike
3-1: Base on Balls
Pitching: LHP Tim Jones
Batting: RHB Nate Argo 0-0: Ball
1-0: Called Strike
1-1: Foul Ball, location: 2F
1-2: SINGLE (Groundball, P, EV 85.6 MPH) (infield hit)
Jeremiah Ford to second
Pinch Runner at 2nd Tim Zirkle:
Pinch Hitting: RHB Benito Ovalle 0-0: Ball
1-0: Foul Ball, location: 7LDF
1-1: Swinging Strike
1-2: Foul Ball, location: 2F
1-2: Foul Ball, location: 2F
1-2: Strikes out swinging
Pitching: RHP Josh Salvino
Batting: SHB Butch Ticknor 0-0: Ball
1-0: Ball
2-0: Ball
3-0: Called Strike
3-1: Fielders Choice at 2nd, 4-6 (Groundball, 4M, EV 79.4 MPH)
Tim Zirkle to third
Batting: RHB Danny Gonzalez 0-0: Called Strike
0-1: Ball
1-1: Ball
2-1: Called Strike
2-2: Strikes out swinging
Top of the 8th over - 0 runs, 1 hit, 0 errors, 2 left on base; Memphis 2 - Oklahoma City 3
BOTTOM OF THE 8TH
Oklahoma City Dodgers batting - Pitching for Memphis Redbirds : LHP Nick Crissup
Pitching: RHP Jon Simmons
Now at SS: T.J. Purkey
Now in LF: Tim Zirkle
Now in RF: Butch Ticknor
Batting: RHB Pete Chivers 0-0: Ball
1-0: Ball
2-0: Called Strike
2-1: Foul Ball, location: 23FF
2-2: SINGLE (Groundball, 3D, EV 99.4 MPH)
Batting: RHB Chris Rodriguez 0-0: Ball
1-0: Ball
2-0: Bunted foul
2-1: Ball
3-1: Bunted foul
3-2: 2-RUN HOME RUN (Line Drive, 9LD, EV 96.9 MPH), Distance : 361 ft
Batting: LHB Rob Gutierrez 0-0: Called Strike
0-1: Called Strike
0-2: Ball
1-2: Ball
2-2: Ball
3-2: Fly out, F9 (Flyball, 89M, EV 94.4 MPH)
Batting: RHB Martin Prado 0-0: Foul Ball, location: 23F
0-1: Ball
1-1: Foul Ball, location: 9LDF
1-2: Foul Ball, location: 9LSF
1-2: Strikes out swinging
Batting: RHB Tyler Rivas 0-0: Ball
1-0: Swinging Strike
1-1: Ball
2-1: Foul Ball, location: 25FF
2-2: Ball
3-2: Base on Balls
Batting: SHB Raul Gonzalez 0-0: Ground out 1-3 (Groundball, 34S, EV 65.0 MPH)
Bottom of the 8th over - 2 runs, 2 hits, 0 errors, 1 left on base; Memphis 2 - Oklahoma City 5
TOP OF THE 9TH
Memphis Redbirds batting - Pitching for Oklahoma City Dodgers : RHP Josh Salvino
Batting: RHB Jose Santiago 0-0: Swinging Strike
0-1: SINGLE (Groundball, 4M, EV 100.6 MPH) (infield hit)
Pinch Hitting: LHB Edwin Longoria 0-0: SINGLE (Line Drive, 34D, EV 100.0 MPH)
Jose Santiago to second
Batting: LHB David Cessor 0-0: Ball
1-0: Called Strike
1-1: Foul Ball, location: 9LMFF
1-2: Ball
2-2: Foul Ball, location: 2F
2-2: Fly out, F8 (Line Drive, 8LM, EV 86.3 MPH)
Batting: RHB Luis Saez 0-0: Ball
1-0: Swinging Strike
1-1: Swinging Strike
1-2: Strikes out swinging
Batting: RHB Tim Zirkle 0-0: Ball
1-0: SINGLE (Groundball, 6D, EV 96.9 MPH)
Jose Santiago to third
Edwin Longoria to second
Batting: RHB Nate Argo 0-0: Ball
1-0: Ball
2-0: Called Strike
2-1: Foul Ball, location: 2F
2-2: Ball
3-2: Fly out, F8 (Flyball, 8LD, EV 81.9 MPH)
Top of the 9th over - 0 runs, 3 hits, 0 errors, 3 left on base; Memphis 2 - Oklahoma City 5
Saturday, April 6th , 2024 - OOTP Baseball 24.11 Build 85